 Dungeon Crawl Stone Soup version 0.24-a0-279-ga7546fe674 (webtiles) character file.

Game seed: 16411748840967620058

1936 HAL9000 the Covert (level 9, -2/42 HPs)
             Began as a Vine Stalker Assassin on May 1, 2019.
             Was an Initiate of Kikubaaqudgha.
             Slain by a bullfrog (7 damage)
             ... on level 6 of the Dungeon.
             The game lasted 00:16:19 (5787 turns).

HAL9000 the Covert (Vine Stalker Assassin)          Turns: 5787, Time: 00:16:20

Health: -2/42      AC:  5    Str: 15    XL:     9   Next: 17%
Magic:  0/10       EV: 11    Int: 12    God:    Kikubaaqudgha [......]
Gold:   320        SH:  0    Dex: 17    Spells: 8/8 levels left

rFire    . . .     SeeInvis +   a - +3 dagger
rCold    . . .     Gourm    .   (no shield)
rNeg     . . .     Faith    .   c - +0 robe
rPois    .         Spirit   +   A - +0 helmet
rElec    .         Reflect  .   d - +0 cloak
rCorr    .         Harm     .   v - +0 pair of gloves
MR       +....                  (no boots)
Stlth    +++++.....             (no amulet)
HPRegen  0.54/turn              o - ring of see invisible
MPRegen  0.12/turn              (no ring)

@: no status effects
A: fangs 3, regeneration 1, magic shield, antimagic bite, no potion heal 3, rot
immunity
a: Renounce Religion


You were on level 6 of the Dungeon.
You worshipped Kikubaaqudgha.
Kikubaaqudgha was noncommittal.
You were very hungry.

You visited 1 branch of the dungeon, and saw 6 of its levels.
You also visited: Ossuary.

You collected 320 gold pieces.

Inventory:

Hand Weapons
 a - a +3 dagger (weapon)
 b - a +0 blowgun
 r - a +0 rapier
Missiles
 e - 37 poisoned needles
 q - a throwing net
 s - 9 tomahawks (quivered)
Armour
 c - a +0 robe (worn)
 d - a +0 cloak (worn)
 v - a +0 pair of gloves (worn)
 A - a +0 helmet (worn)
Jewellery
 o - a ring of see invisible (left hand)
 I - an uncursed ring of fire
Wands
 f - a wand of flame (12)
 x - a wand of digging (4)
 y - a wand of disintegration (7)
Scrolls
 i - 6 scrolls of enchant weapon
 j - a scroll of fear {unknown}
 k - 5 scrolls of remove curse
 l - 2 scrolls of fog {unknown}
 m - 4 scrolls of amnesia {unknown}
 n - 2 scrolls of blinking
 t - 3 scrolls of enchant armour {unknown}
 w - a scroll of magic mapping {unknown}
 C - 3 scrolls of teleportation {unknown}
 E - 2 scrolls of vulnerability {unknown}
 F - a scroll of immolation {unknown}
 G - a scroll of silence {unknown}
Potions
 h - 3 potions of brilliance
 p - a potion of haste
 u - 10 potions of curing
 z - 3 potions of ambrosia
 B - 3 potions of cancellation
 D - a potion of lignification {unknown}
Comestibles
 g - 12 rations


   Skills:
 - Level 1.7 Fighting
 + Level 8.2 Short Blades
 - Level 1.7 Throwing
 - Level 0.7 Dodging
 + Level 11.0 Stealth


You had 8 spell levels left.
You didn't know any spells.
Your spell library was empty.

Dungeon Overview and Level Annotations

Branches:
Dungeon (6/15)
 Temple: D:4-7

Altars:
Ashenzari
Dithmenos
Gozag
Kikubaaqudgha
Okawaru
Wu Jian
Yredelemnul

Annotations:
D:6 2 transporters, Prince Ribbit


Innate Abilities, Weirdness & Mutations

You have razor-sharp teeth.
Your natural rate of healing is unusually fast.
When hurt, damage is shared between your health and your magic reserves.
Your bite disrupts and absorbs the magic of your enemies.
Potions cannot restore your health.
You are immune to rotting.


Message History

* * * LOW HITPOINT WARNING * * *
Prince Ribbit blinks!
The bullfrog hits you!
* * * LOW HITPOINT WARNING * * *
You barely miss Prince Ribbit.
Prince Ribbit is heavily wounded.
Prince Ribbit croaks regally.
Prince Ribbit blinks!
The bullfrog skeleton hits you.
* * * LOW HITPOINT WARNING * * *
The bullfrog misses you.
The bullfrog skeleton barely misses you.
The shadow imp grinds its teeth.
The bullfrog closely misses you.
The shadow imp shouts, "Take thy face hence, thou pottle-deep boil-brained bladder!"
The bullfrog closely misses you.
The kobold demonologist shouts!
Prince Ribbit blinks!
Prince Ribbit hits you.
* * * LOW HITPOINT WARNING * * *
Prince Ribbit misses you. The bullfrog hits you!
You die...
Kikubaaqudgha rasps: "You have failed me!
Welcome... death!"

._.........#8≈#5oo5...#P8#......#
........##.#P.#≈≈≈≈≈≈≈#.P#......#
........#..#$?#..≈≈≈..#..#...>..#
..........©#©.+..≈⌠≈..+/©#©.....#
...........#$(#..≈≈≈..#..#......#
#.>....##..#P.#≈≈≈≈≈≈≈#.P#......#
###.##.##.o#8≈#55o5KK.#P8#.######
#.##..#.§###############.#
#.###.#..o..ZF@..........# ####
#.# #.#.##...F########.### #...
###.# #...##.#### #...# #...
....# ###...(### ###.# #..< .####
#....(.######## #.###... .#
#######.#(........####.......
.####.......#......÷....()...#...
........###.)....#####.#######...
.)...............# #......##...


You could see 2 kobold demonologists, Prince Ribbit, a bullfrog, an orc priest,
3 shadow imps, 2 orcs and a bullfrog skeleton.

Vanquished Creatures
  Grinder (D:6)
  Duvessa (D:3)
  3 centaurs (D:6)
  Blork the orc (D:6)
  Dowan (D:3)
  A water moccasin zombie (D:5)
  5 scorpions (Ossuary)
  A howler monkey (D:6)
  2 crimson imps
  3 centaur zombies (Ossuary)
  6 human zombies (Ossuary)
  A jelly (D:4)
  A gnoll shaman (D:4)
  An orc priest (D:4)
  2 worker ants
  Ijyb (D:4)
  3 orc wizards (D:4)
  3 big kobold zombies (Ossuary)
  A hound zombie (D:6)
  3 mummies (Ossuary)
  Robin (D:4)
  A howler monkey skeleton (D:2)
  4 adders
  6 gnolls
  3 scorpion zombies (Ossuary)
  An ooze (D:3)
  An adder zombie (D:5)
  2 worms
  4 dart slugs
  2 leopard geckos
  16 orcs
  A ball python (D:3)
  3 giant cockroaches
  A gnoll zombie (Ossuary)
  15 goblins
  10 hobgoblins
  6 jackals
  5 quokkas
  6 bats
  2 frilled lizards (D:1)
  3 goblin zombies (Ossuary)
  A hobgoblin zombie (Ossuary)
  A jackal skeleton (D:5)
  8 kobolds
  A kobold zombie (Ossuary)
  A leopard gecko skeleton (D:5)
  2 orc zombies (Ossuary)
  4 rats
  A spectral orc (D:3)
153 creatures vanquished.

Vanquished Creatures (others)
  2 scorpions (Ossuary)
  A goblin zombie (Ossuary)
3 creatures vanquished.

Grand Total: 156 creatures vanquished

Notes
Turn   | Place    | Note
-------+----------+-------------------------------------------
     0 | D:1      | HAL9000 the Vine Stalker Assassin began the quest for the
                  | Orb.
     0 | D:1      | Reached XP level 1. HP: 11/11 MP: 2/2
   262 | D:1      | Reached skill level 5 in Stealth
   425 | D:1      | Reached XP level 2. HP: 13/15 MP: 3/3
  1018 | D:2      | Reached XP level 3. HP: 16/18 MP: 4/4
  1067 | D:2      | Reached skill level 6 in Stealth
  1648 | D:2      | Gained mutation: Your natural rate of healing is unusually
                  | fast. [Vine Stalker growth]
  1648 | D:2      | Reached XP level 4. HP: 21/23 MP: 5/5
  1883 | D:3      | Found a shattered altar of Ashenzari.
  1945 | D:3      | Reached skill level 7 in Stealth
  1945 | D:3      | Reached XP level 5. HP: 13/26 MP: 3/6
  2053 | D:3      | Found a basalt altar of Yredelemnul.
  2612 | D:4      | Noticed Ijyb
  2667 | D:4      | Killed Ijyb
  2781 | D:4      | Reached XP level 6. HP: 23/30 MP: 7/7
  2838 | D:4      | Found an ornate altar of the Wu Jian Council.
  2949 | D:4      | Noticed Robin
  2950 | D:4      | Reached skill level 8 in Stealth
  3138 | D:4      | Noticed Duvessa
  3138 | D:4      | Noticed Dowan
  3231 | D:3      | Killed Duvessa
  3234 | D:3      | Killed Dowan
  3234 | D:3      | Reached XP level 7. HP: 30/34 MP: 8/8
  3532 | D:4      | Killed Robin
  3699 | D:5      | Entered Level 5 of the Dungeon
  3786 | D:5      | Found a sand-covered staircase.
  3834 | Ossuary  | Entered an ossuary
  3861 | Ossuary  | Reached skill level 5 in Short Blades
  3962 | Ossuary  | Reached skill level 9 in Stealth
  4123 | Ossuary  | Gained mutation: You have razor-sharp teeth. [Vine Stalker
                  | growth]
  4123 | Ossuary  | Reached XP level 8. HP: 35/38 MP: 9/9
  4540 | D:5      | Found an iron altar of Okawaru.
  4623 | D:4      | Reached skill level 10 in Stealth
  4944 | D:5      | Found an ancient bone altar of Kikubaaqudgha.
  4982 | D:5      | Became a worshipper of Kikubaaqudgha
  5103 | D:6      | Found a transporter.
  5104 | D:6      | Noticed an orc sorcerer
  5122 | D:6      | Found an opulent altar of Gozag.
  5190 | D:6      | Noticed Grinder
  5209 | D:6      | Noticed a kobold demonologist
  5210 | D:6      | Noticed a kobold demonologist
  5319 | D:6      | Found a shadowy altar of Dithmenos.
  5319 | D:6      | Noticed Blork the orc
  5332 | D:6      | Killed Blork the orc
  5396 | D:6      | Reached XP level 9. HP: 41/42 MP: 10/10
  5522 | D:6      | Killed Grinder
  5522 | D:6      | Reached skill level 11 in Stealth
  5613 | D:6      | Found a transporter.
  5739 | D:6      | Noticed Prince Ribbit
  5787 | D:6      | Slain by a bullfrog

Levels and vault maps discovered:
D:1:      dpeg_arrival_rooms_c, layout_basic
D:2:      layout_basic, minmay_misc_feat_hallway
D:3:      layout_loops_cross, yredelemnul_forgotten_temple_becter,
          evilmike_ruin_ashenzari
D:4:      layout_loops_corners, lemuel_coloured_pillars_altar, uniq_robin,
          uniq_duvessa, uniq_ijyb
D:5:      layout_cave_pools, okawaru_altar_gauntlet_db, kennysheep_mini,
          first_ration, nicolae_ossuary_entry_false_entrances
D:6:      gammafunk_wand_slinger, layout_rooms, basic_altar,
          nicolae_dithmenos_through_a_glass_darkly, uniq_grinder,
          uniq_blork_the_orc, uniq_prince_ribbit1

Skill      XL: |  1  2  3  4  5  6  7  8  9 |
---------------+----------------------------+-----
Stealth        | 5 6 7 8 9 10 11 | 11.0
Short Blades   | 2 3 4 5 7 8 |  8.2
Fighting       | |  1.7
Throwing       | |  1.7
Dodging        | |  0.7

Action                   |  1- 3 |  4- 6 |  7- 9 || total
-------------------------+-------+-------+-------++-------
Melee: Dagger            |   106 |   187 |   354 ||   647
       Bite              |    26 |    55 |   139 ||   220
 Fire: Blowgun           |       |     4 |     2 ||     6
Throw: Tomahawk          |       |       |     1 ||     1
Evoke: Wand              |       |       |     2 ||     2
  Use: Scroll            |     1 |     4 |     5 ||    10
       Potion            |       |     1 |     1 ||     2
 Stab: Sleeping          |     5 |     8 |    12 ||    25
       Distracted        |       |       |     3 ||     3
  Eat: Chunk             |     2 |     5 |     4 ||    11
       Ration            |       |       |     1 ||     1
Armor: Robe              |    22 |    25 |    65 ||   112
Dodge: Dodged            |    68 |    78 |   132 ||   278

Table legend:
 A = Non-vault XP
 B = Vault XP
 C = Vault XP percentage of total XP
 D = Non-vault monster count
 E = Vault monster count
 F = Vault count percentage of total count
                 A         B        C        D         E       F
            +---------+---------+-------+---------+---------+-------
      Total |    1202 |    1564 |  56.5 |      99 |      55 |  35.7
            +---------+---------+-------+---------+---------+-------
        D:1 |      23 |       0 |   0.0 |      13 |       0 |   0.0
        D:2 |      80 |       0 |   0.0 |      23 |       0 |   0.0
        D:3 |     123 |     231 |  65.3 |      25 |       6 |  19.4
        D:4 |     277 |      64 |  18.8 |      17 |       9 |  34.6
        D:5 |     221 |      27 |  10.9 |      12 |       6 |  33.3
        D:6 |     478 |     377 |  44.1 |       9 |       2 |  18.2
    Ossuary |       0 |     865 | 100.0 |       0 |      32 | 100.0
            +---------+---------+-------+---------+---------+-------
